[Event "European Rapid Championship 2021"]
[Site "Katowice"]
[Date "2021.12.18"]
[Round "4.2"]
[White "Lach, Aleksandra"]
[Black "Papasimakopoulos, Alexandros"]
[Result "0-1"]
[ECO "C00"]
[WhiteElo "2132"]
[BlackElo "2274"]
[Annotator "NA"]
[PlyCount "104"]
[EventDate "2021.12.18"]
[EventType "swiss"]
[EventCountry "POL"]
[SourceTitle "playchess.com"]
[Source "ChessBase"]
[SourceQuality "1"]
[TimeControl "900+10"]

1. e4 e6 2. d3 d5 3. Nd2 c5 4. Ngf3 Nc6 5. g3 Nge7 6. Bg2 g6 7. O-O Bg7 8. c3 h6 9. Qe2 a5 10. a4 b6 11. c4 dxc4 12. Nxc4 O-O 13.
e5 Ba6 14. h4 Ra7 15. Bd2 Rd7 16. Ra3 Nf5 17. Rc1 Nb4 18. Ne1 Qc7 19. Bf4 Nd5 20. Qg4 h5 21. Qh3 Nxf4 22. gxf4 Rd4 23. Be4 Bb7 24. f3 Bh6 25. Ng2 Ba6 26. Rac3 Rfd8 27. b3 Ne7 28. Nd6 R4xd6 29. exd6 Qxd6 30. Qg3 f5 31. Kh1 fxe4 32. fxe4 Kh7 33. R1c2 Nc6 34. Qh3 Nd4 35. Rf2 Rf8 36. Rc1 Nxb3 37. Rd1 c4 38. d4 Bb7 39. d5 exd5 40. e5 Qe7 41. e6 Rf5 42. Ne3 d4+ 43. Ng2 Qxe6 44. Kg1 d3 45.
Re1 Qd6 46. Ne3 d2 47. Rd1 Rxf4 48. Nxc4 Qd4 49. Ne3 Rxf2 50. Kxf2 Qxe3+ 51. Qxe3 Bxe3+ 52. Kxe3 Bc8 0-1

[Event "European Rapid Championship 2021"]
[Site "Katowice"]
[Date "2021.12.18"]
[Round "4.3"]
[White "Pacuszka, Tomasz"]
[Black "Druckenthaner, Andreas"]
[Result "1-0"]
[ECO "C64"]
[WhiteElo "2193"]
[BlackElo "2291"]
[Annotator "NA"]
[PlyCount "71"]
[EventDate "2021.12.18"]
[EventType "swiss"]
[EventCountry "POL"]
[SourceTitle "playchess.com"]
[Source "ChessBase"]
[SourceQuality "1"]
[TimeControl "900+10"]

1. e4 e5 2. Nf3 Nc6 3. Bb5 Bc5 4. c3 f5 5. d4 fxe4 6. Bxc6 dxc6 7. Nxe5 Qd5 8. O-O Nf6 9. f4 Bb6 10. Be3 c5 11. c4 Qd6 12. d5 O-O 13.
Nc3 h5 14. h3 Bf5 15. Qe2 c6 16. dxc6 bxc6 17. Rad1 Qe6 18. Na4 Rfd8 19. Nxc5 Bxc5 20. Bxc5 a6 21. b3 g5 22. Qe3 g4 23. Kh2 Nd7 24. Rd6 Qe8 25. Nxc6 Rdc8 26. Ne7+ Kf7 27. Nxc8 Rxc8 28. Ba3 Nf6 29. Qa7+ Nd7 30. Rfd1 Rd8 31. Qe3 a5 32. Bb2 Qe7 33. c5 Rg8 34. c6 gxh3 35.
gxh3 Bg4 36. Rxd7 1-0

[Event "European Rapid Championship 2021"]
[Site "Katowice"]
[Date "2021.12.18"]
[Round "4.4"]
[White "Balacek, Tadeas"]
[Black "Dzhuguryan, Tygran"]
[Result "1/2-1/2"]
[ECO "D38"]
[WhiteElo "2354"]
[BlackElo "2047"]
[Annotator "NA"]
[PlyCount "69"]
[EventDate "2021.12.18"]
[EventType "swiss"]
[EventCountry "POL"]
[SourceTitle "playchess.com"]
[Source "ChessBase"]
[SourceQuality "1"]
[TimeControl "900+10"]

1. d4 d5 2. c4 e6 3. Nf3 Nf6 4. Nc3 Bb4 5. Qa4+ Nc6 6. e3 O-O 7. Bd2 a6 8. Qc2 Re8 9. a3 Bd6 10. Be2 h6 11. O-O dxc4 12. Bxc4 e5 13.
dxe5 Nxe5 14. Nxe5 Bxe5 15. h3 b5 16. Be2 Bb7 17. Rad1 Qe7 18.
Rfe1 Ne4 19. Nxe4 Bxe4 20. Qc1 c5 21. Bc3 Rad8 22. f3 Bb7 23.
e4 Bg3 24. Rxd8 Rxd8 25. Rd1 g5 26. Kf1 Bf4 27. Qc2 Rxd1+ 28. Qxd1 Qd6 29. Qxd6 Bxd6 30. Kf2 Kf8 31. Bf6 Be7 32. Be5 f6 33. Bc3 Kf7 34. Bd1 Bd6 35. Ke3 1/2-1/2

[Event "European Rapid Championship 2021"]
[Site "Katowice"]
[Date "2021.12.18"]
[Round "4.4"]
[White "Jagodzinski, Piotr"]
[Black "Laurusas, Tomas"]
[Result "0-1"]
[ECO "A05"]
[WhiteElo "2145"]
[BlackElo "2553"]
[Annotator "ChessBase"]
[PlyCount "76"]
[EventDate "2021.12.18"]
[EventType "swiss"]
[EventCountry "POL"]
[SourceTitle "playchess.com"]
[Source "ChessBase"]
[SourceQuality "1"]
[TimeControl "900+10"]

1. Nf3 Nf6 2. b3 d5 3. Bb2 Bf5 4. e3 e6 5. d4 Nbd7 6. Bd3 Ne4 7. O-O Bd6 8. c4 Qf6 9. Qc2 c6 10. Nbd2 Qg6 11. Nh4 Qh6 12. g3 Bh3 13. Rfe1 f5 14. Nhf3 O-O 15. Ne5 Nxe5 16. dxe5 Bb4 17. Bxe4 fxe4 18. cxd5 cxd5 19. a3 Bxd2 20. Qxd2 Bg4 21. f4 exf3 22. Qf2 Bh3 23. Rac1 Bg2 24. e4 dxe4 25. Rxe4 Rad8 26. Re3 Rf5 27. h4 Rf7 28. Rce1 Rfd7 29. Bc1 Qg6 30. Rc3 Qg4 31. Bg5 Qh3 32. Qe3 Rd2 33. Qxd2 Rxd2 34. Rc8+ Kf7 35. Rc7+ Kg6 36. Bxd2 Qxg3 37. h5+ Kxh5 38. Rxg7 f2# 0-1

[Event "European Rapid Championship 2021"]
[Site "Katowice"]
[Date "2021.12.18"]
[Round "4.5"]
[White "Karpus, Michal"]
[Black "Kyc, Jerzy"]
[Result "1-0"]
[ECO "B72"]
[WhiteElo "2185"]
[BlackElo "2308"]
[Annotator "NA"]
[PlyCount "47"]
[EventDate "2021.12.18"]
[EventType "swiss"]
[EventCountry "POL"]
[SourceTitle "playchess.com"]
[Source "ChessBase"]
[SourceQuality "1"]
[TimeControl "900+10"]

1. e4 c5 2. Nf3 d6 3. d4 cxd4 4. Nxd4 Nf6 5. Nc3 g6 6. Be3 Bg7 7. Be2 O-O 8. Qd2 Nc6 9. O-O-O Nxd4 10. Bxd4 Be6 11. Kb1 Qc7 12. h4 h5 13. f4 b5 14. f5 Bc4 15. Bf3 b4 16. Nd5 Bxd5 17. exd5 a5 18.
Qd3 Kh7 19. fxg6+ fxg6 20. g4 Nd7 21. gxh5 Ne5 22. Bxe5 dxe5 23. Qxg6+ Kh8 24. Be4 1-0

[Event "European Rapid Championship 2021"]
[Site "Katowice"]
[Date "2021.12.18"]
[Round "4.6"]
[White "Kosakowski, Jakub"]
[Black "Morkunas, Gustas"]
[Result "1/2-1/2"]
[ECO "B40"]
[WhiteElo "2438"]
[BlackElo "1907"]
[Annotator "ChessBase"]
[PlyCount "156"]
[EventDate "2021.12.18"]
[EventType "swiss"]
[EventCountry "POL"]
[SourceTitle "playchess.com"]
[Source "ChessBase"]
[SourceQuality "1"]
[TimeControl "900+10"]

1. e4 c5 2. Nf3 e6 3. b3 d6 4. Bb2 Nf6 5. Nc3 a6 6. a4 Nc6 7. Be2 Be7 8. O-O O-O 9. d4 cxd4 10. Nxd4 Qc7 11. Nxc6 bxc6 12. f4 Bb7 13. Bd3 c5 14. Qf3 Rad8 15. Qh3 e5 16. fxe5 dxe5 17. Kh1 Bc8 18. Qg3 Nh5 19. Qf3 Nf4 20. Bc4 Bd6 21. g3 Ne6 22. Nd5 Qb7 23. Ne3 Ng5 24. Qe2 Qxe4+ 25. Ng2 Qxe2 26. Bxe2 Bb7 27. h4 Ne6 28. c3 e4 29. Kh2 Nc7 30. Ne3 Nd5 31. Nc4 Bc7 32. Rad1 f5 33. Kg2 f4 34. Bg4 f3+ 35. Kf2 Nf6 36. Be6+ Kh8 37. Ne3 Nh5 38. Nf5 Be5 39. Ba3 Rxd1 40. Rxd1 g6 41. Bxc5 Re8 42. Bd4 Bxd4+ 43. Nxd4 Ng7 44. Bd7 e3+ 45. Kg1 Rf8 46. Bg4 h5 47. Bxf3 Bxf3 48. Rf1 e2 49. Nxe2 Kg8 50. Nf4 Be4 51. Re1 Bf5 52. b4 Rc8 53. Nd5 Rd8 54. c4 Be6 55.
Ne7+ Kf7 56. Nc6 Rd2 57. b5 axb5 58. axb5 Nf5 59. b6 Nxg3 60. Re3 Ne2+ 61. Kf1 Nd4 62. Nd8+ Ke7 63. Nxe6 Nxe6 64. c5 Rb2 65. Rc3 Nxc5 66. Rxc5 Rxb6 67. Kg2 Rb4 68. Kg3 Kf6 69. Rc6+ Kf5 70. Rc3 Rg4+ 71. Kh3 Re4 72. Rf3+ Rf4 73. Kg3 Rxf3+ 74. Kxf3 Ke5 75. Ke3 Kf5 76. Kf3 Ke6 77. Ke2 Kf6 78. Kf2 Ke5 1/2-1/2

[Event "European Rapid Championship 2021"]
[Site "Katowice"]
[Date "2021.12.18"]
[Round "4.7"]
[White "Donchenko, Alexander"]
[Black "Kulon, Klaudia"]
[Result "1-0"]
[ECO "E94"]
[WhiteElo "2535"]
[BlackElo "2328"]
[Annotator "ChessBase"]
[PlyCount "81"]
[EventDate "2021.12.18"]
[EventType "swiss"]
[EventCountry "POL"]
[SourceTitle "playchess.com"]
[Source "ChessBase"]
[SourceQuality "1"]
[TimeControl "900+10"]

1. Nf3 Nf6 2. c4 g6 3. Nc3 Bg7 4. e4 d6 5. d4 O-O 6. Be2 e5 7. O-O exd4 8. Nxd4 Re8 9. f3 c6 10. Kh1 Nbd7 11. Bg5 Qb6 12. Nb3 a5 13. Qd2 a4 14. Be3 Qd8 15. Nd4 Nc5 16. Rad1 Nh5 17. Nxc6 bxc6 18. Bxc5 Qh4 19. Bf2 Qf4 20. Be3 Qh4 21. Bg5 Ng3+ 22. Kg1 Nxf1 23. Rxf1 Qh5 24. h4 Re5 25. f4 Rxg5 26. Bxh5 Rxh5 27. Qxd6 Be6 28. g3 a3 29. e5 axb2 30. Rb1 Bf8 31. Qd4 Ba3 32. Ne4 Bf5 33. Nf6+ Kf8 34. Rxb2 Bxb2 35. Qxb2 Rh6 36. a4 Bc8 37. Qb6 Kg7 38. Qxc6 Rb8 39. Qe8 Rh5 40. Qg8+ Kh6 41. Qf8# 1-0

[Event "European Rapid Championship 2021"]
[Site "Katowice"]
[Date "2021.12.18"]
[Round "4.7"]
[White "Kacprzak, Karol"]
[Black "Kowalski, Igor"]
[Result "1/2-1/2"]
[ECO "C16"]
[WhiteElo "2038"]
[BlackElo "2295"]
[Annotator "NA"]
[PlyCount "39"]
[EventDate "2021.12.18"]
[EventType "swiss"]
[EventCountry "POL"]
[SourceTitle "playchess.com"]
[Source "ChessBase"]
[SourceQuality "1"]
[TimeControl "900+10"]

1. e4 e6 2. d4 d5 3. Nc3 Bb4 4. e5 Ne7 5. Bd2 b6 6. f4 O-O 7. Nf3 Ba6 8. Bxa6 Nxa6 9. Ne2 Bxd2+ 10. Qxd2 c5 11. c3 cxd4 12. cxd4 Qd7 13. O-O Rac8 14. Rac1 h6 15. Ng3 Qa4 16. a3 Nc7 17. Qd3 Qb5 18. Qd2 Qa4 19. Qd3 Qb5 20. Qd2 1/2-1/2

[Event "European Rapid Championship 2021"]
[Site "Katowice"]
[Date "2021.12.18"]
[Round "4.8"]
[White "Mis, Mieszko"]
[Black "Durarbayli, Vasif"]
[Result "1/2-1/2"]
[ECO "E32"]
[WhiteElo "2237"]
[BlackElo "2532"]
[Annotator "ChessBase"]
[PlyCount "83"]
[EventDate "2021.12.18"]
[EventType "swiss"]
[EventCountry "POL"]
[SourceTitle "playchess.com"]
[Source "ChessBase"]
[SourceQuality "1"]
[TimeControl "900+10"]

1. d4 Nf6 2. c4 e6 3. Nc3 Bb4 4. Qc2 d6 5. Nf3 Nbd7 6. g3 b6 7. Bg2 Bb7 8. O-O Bxc3 9. Qxc3 O-O 10. b3 a5 11. Bb2 Qe7 12. Rad1 Ne4 13. Qc2 f5 14. d5 exd5 15. cxd5 Ndc5 16. Nd4 Rae8 17. e3 g6 18. Ne6 Nxe6 19. dxe6 h5 20. a3 Kh7 21. b4 Rc8 22. bxa5 bxa5 23. Rb1 Qxe6 24. Bc3 Ba8 25. Bxa5 Rf7 26. Rfd1 Ng5 27. h4 Bxg2 28. Kxg2 Ne4 29. Bc3 Qc4 30. Rdc1 Qc6 31. Bd4 Qa8 32. f3 Nf6 33. Qb3 Kg7 34. Qe6 c5 35. Bxf6+ Rxf6 36. Qe7+ Rf7 37. Qxd6 Kh7 38. Rb6 Rg7 39. Ra6 Qb7 40. Rb6 Qa8 41. Ra6 Qb7 42. Rb6 1/2-1/2

[Event "European Rapid Championship 2021"]
[Site "Katowice"]
[Date "2021.12.18"]
[Round "4.8"]
[White "Malek, Jan"]
[Black "Lubczynski, Rafal"]
[Result "1-0"]
[ECO "C41"]
[WhiteElo "2029"]
[BlackElo "2289"]
[Annotator "NA"]
[PlyCount "37"]
[EventDate "2021.12.18"]
[EventType "swiss"]
[EventCountry "POL"]
[SourceTitle "playchess.com"]
[Source "ChessBase"]
[SourceQuality "1"]
[TimeControl "900+10"]

1. e4 d6 2. d4 Nf6 3. Nc3 e5 4. Nf3 Nbd7 5. Rg1 g6 6. g4 Bg7 7. Be3 c6 8. a4 Qa5 9. Nd2 h5 10. Nc4 Qc7 11. dxe5 dxe5 12. h3 hxg4 13. hxg4 Bf8 14. Qf3 Be7 15. Rd1 Nf8 16. Nd6+ Bxd6 17. Qxf6 Rh2 18. Qxd6 Qa5 19. Bc5 1-0

[Event "European Rapid Championship 2021"]
[Site "Katowice"]
[Date "2021.12.18"]
[Round "4.9"]
[White "Povilaitis, Tomas"]
[Black "Budrewicz, Krzysztof"]
[Result "0-1"]
[ECO "B06"]
[WhiteElo "2006"]
[BlackElo "2281"]
[Annotator "NA"]
[PlyCount "118"]
[EventDate "2021.12.18"]
[EventType "swiss"]
[EventCountry "POL"]
[SourceTitle "playchess.com"]
[Source "ChessBase"]
[SourceQuality "1"]
[TimeControl "900+10"]

1. e4 g6 2. d4 Bg7 3. Nc3 c5 4. d5 d6 5. f4 a6 6. a4 e6 7. Nf3 exd5 8. Nxd5 Ne7 9. Bc4 Nbc6 10. O-O O-O 11. c3 Na5 12. Nxe7+ Qxe7 13. Bd5 Be6 14. Be3 Rfe8 15. Bf2 Bxd5 16. Qxd5 Qxe4 17. Qxd6 Rad8 18. Qb6 Nc4 19. Qxc5 Nxb2 20. Ng5 Qc6 21. Qb4 Re2 22. Rab1 Bxc3 23. Qb3 Rd7 24. Rbc1 Nxa4 25. Nf3 Rb2 26. Qa3 f6 27. Rxc3 Qxc3 28. Qxa4 Qd3 29. Re1 Kg7 30. Qa1 Re2 31. Rf1 Qe4 32. Bh4 Rd6 33. Qc3 Qe3+ 34. Qxe3 Rxe3 35. Rc1 Rd7 36. Bf2 Re4 37. g3 Ra4 38. Nd4 Kf7 39. f5 b5 40. Nb3 Rc4 41. Ra1 Rd6 42. Nc5 Rc6 43. fxg6+ hxg6 44. Nxa6 Ra4 45. Rxa4 bxa4 46. Nb4 Rc1+ 47. Kg2 a3 48. Kf3 Rc3+ 49. Ke2 a2 50. Nxa2 Rc2+ 51. Kf3 Rxa2 52. h4 Ra4 53. Be3 Ke6 54. g4 f5 55. gxf5+ Kxf5 56. Bg5 Ra3+ 57. Kg2 Kg4 58. Bf6 Rg3+ 59. Kf2 Rf3+ 0-1

[Event "European Rapid Championship 2021"]
[Site "Katowice"]
[Date "2021.12.18"]
[Round "4.10"]
[White "Janaszak, Dawid"]
[Black "Tazbir, Marcin"]
[Result "1/2-1/2"]
[ECO "B13"]
[WhiteElo "2328"]
[BlackElo "2514"]
[Annotator "ChessBase"]
[PlyCount "38"]
[EventDate "2021.12.18"]
[EventType "swiss"]
[EventCountry "POL"]
[SourceTitle "playchess.com"]
[Source "ChessBase"]
[SourceQuality "1"]
[TimeControl "900+10"]

1. e4 c6 2. d4 d5 3. exd5 cxd5 4. Bd3 Nc6 5. c3 Qc7 6. Ne2 Bg4 7. O-O e6 8. Qe1 Bd6 9. f3 Bh5 10. Qh4 Bg6 11. Bxg6 fxg6 12. Bf4 Nf6 13. Na3 a6 14. Nc2 O-O 15. Bxd6 Qxd6 16. Qg3 Qd7 17. Ne1 Nh5 18. Qg4 Nf6 19. Qg3 Nh5 1/2-1/2

[Event "European Rapid Championship 2021"]
[Site "Katowice"]
[Date "2021.12.18"]
[Round "4.10"]
[White "Czernek, Tymon"]
[Black "Kuegel, Tobias"]
[Result "1/2-1/2"]
[ECO "C42"]
[WhiteElo "2197"]
[BlackElo "2242"]
[Annotator "NA"]
[PlyCount "64"]
[EventDate "2021.12.18"]
[EventType "swiss"]
[EventCountry "POL"]
[SourceTitle "playchess.com"]
[Source "ChessBase"]
[SourceQuality "1"]
[TimeControl "900+10"]

1. e4 e5 2. Nf3 Nf6 3. Nxe5 Nc6 4. Nxc6 dxc6 5. Nc3 Bc5 6.
Be2 Qd4 7. O-O Nxe4 8. Nxe4 Qxe4 9. Bf3 Qh4 10. g3 Qf6 11.
c3 O-O 12. d4 Bd6 13. Bg2 Be6 14. Be3 Bd5 15. Qc2 Rfe8 16. Rfe1 Bxg2 17. Kxg2 Qe6 18. f3 Qg6 19. Qxg6 hxg6 20. Bf2 f5 21. f4 Kf7 22. Kf3 Rxe1 23. Rxe1 Rh8 24. Bg1 a6 25. Kg2 Re8 26. Rxe8 Kxe8 27. Kf3 Kf7 28. c4 Ke6 29. Be3 Be7 30. Ke2 Bf6 31. Kd3 Kd6 32. b3 Ke6 1/2-1/2

[Event "European Rapid Championship 2021"]
[Site "Katowice"]
[Date "2021.12.18"]
[Round "4.11"]
[White "Stefansson, Hannes"]
[Black "Mulet, Piotr"]
[Result "1-0"]
[ECO "C18"]
[WhiteElo "2519"]
[BlackElo "2175"]
[Annotator "ChessBase"]
[PlyCount "115"]
[EventDate "2021.12.18"]
[EventType "swiss"]
[EventCountry "POL"]
[SourceTitle "playchess.com"]
[Source "ChessBase"]
[SourceQuality "1"]
[TimeControl "900+10"]

1. e4 e6 2. d4 d5 3. Nc3 Bb4 4. e5 c5 5. a3 Bxc3+ 6. bxc3 Ne7 7. Qg4 O-O 8. Bd3 f5 9. exf6 Rxf6 10. Qh5 g6 11. Qd1 Nbc6 12. Nf3 c4 13.
Be2 Bd7 14. O-O Qf8 15. Re1 h6 16. Bf1 g5 17. h4 g4 18. Ne5 Nxe5 19. dxe5 Rxf2 20. Qxg4+ Kh7 21. Be2 Rf5 22. Qg3 Qg7 23. Qxg7+ Kxg7 24. Bg4 Rf7 25. Be3 Nf5 26. Bf2 Ba4 27. Re2 b6 28. Kh2 Kh7 29. Rf1 Rg8 30. Bf3 Rfg7 31. Rd2 Be8 32. Rg1 Ng3 33. Rd4 Nf5 34. Rf4 Ba4 35. Rc1 Ng3 36. Rf6 Ne4 37. Bxe4+ dxe4 38. g3 e3 39. Bxe3 Rg6 40. g4 Bc6 41. g5 hxg5 42. hxg5 Kg7 43. Kg3 Rxf6 44. exf6+ Kg6 45. Rd1 Bd5 46. Kf4 Rh8 47. Ke5 Rh2 48. Rf1 Rh7 49. Kd6 Rf7 50. a4 Rf8 51. Rf2 Rd8+ 52. Ke7 Rb8 53. Rh2 Rb7+ 54. Kd6 b5 55. axb5 Rxb5 56. Rh6+ Kf5 57. f7 Rb8 58. Rf6+ 1-0

[Event "European Rapid Championship 2021"]
[Site "Katowice"]
[Date "2021.12.18"]
[Round "4.11"]
[White "Putlak, Wojciech"]
[Black "Grabarczyk, Miroslaw"]
[Result "0-1"]
[ECO "D02"]
[WhiteElo "2000"]
[BlackElo "2373"]
[Annotator "ChessBase"]
[PlyCount "197"]
[EventDate "2021.12.18"]
[EventType "swiss"]
[EventCountry "POL"]
[SourceTitle "playchess.com"]
[Source "ChessBase"]
[SourceQuality "1"]
[TimeControl "900+10"]

1. Nf3 d5 2. d4 Nf6 3. g3 c5 4. c3 e6 5. Bg2 Nc6 6. O-O Be7 7. Bg5 O-O 8. e3 h6 9. Bxf6 Bxf6 10. Nbd2 Qe7 11. Re1 Rd8 12. Qc2 Bd7 13. Rad1 Rac8 14. Qd3 Be8 15. Rc1 g6 16. Qe2 Bg7 17. Nb3 b6 18. Nbd2 Rc7 19. Qd1 Rdc8 20. Bf1 Na5 21. Ba6 Rd8 22. Bf1 Nb7 23. Qb3 Nd6 24. Qc2 Rdc8 25. Ba6 Rb8 26. Bf1 a5 27. Rb1 b5 28. Nb3 Nb7 29. Nxc5 Nxc5 30. dxc5 Qxc5 31. Qd2 b4 32. cxb4 Qxb4 33. Qxb4 axb4 34. a3 Rcb7 35. axb4 Rxb4 36. Re2 Bxb2 37. Ne1 Bf6 38. Rxb4 Rxb4 39. Nd3 Rb1 40. Re1 Rb8 41. Rc1 Kf8 42. Nc5 Be7 43. Na6 Rd8 44. Nc7 Bd7 45. Nb5 Rb8 46. Rb1 Rc8 47. Nd4 Bf6 48. Nb5 Rc5 49. Nd6 Ke7 50.
Nb5 h5 51. h4 Rc2 52. Na3 Rc7 53. Nb5 Rc5 54. Be2 e5 55. Kf1 Bg7 56. Na3 Rc7 57. Nb5 Rb7 58. Nc3 Rxb1+ 59. Nxb1 Kd6 60. Ke1 Kc5 61. Kd2 Bf6 62. Nc3 Bd8 63. Bd1 Ba5 64. Kc2 Bf5+ 65. Kb3 d4 66. Na4+ Kd5 67. exd4 Kxd4 68. f3 Be1 69. g4 hxg4 70. fxg4 Be6+ 71. Kc2 Bxh4 72. Kd2 e4 73. Nc3 e3+ 74. Kc2 Be1 75. Ne2+ Ke4 76. Nc1 Bc4 77. Be2 Bxe2 78. Nxe2 Bd2 79. Ng1 Kf4 80. Kd3 Kxg4 81. Ke2 Kg3 82. Nf3 f6 83. Nd4 f5 84. Nf3 Kf4 85. Nd4 g5 86. Ne6+ Kg4 87.
Nd4 f4 88. Nf3 Bc3 89. Ng1 Kg3 90. Nf3 g4 91. Ng5 Kg2 92. Ne4 Bd4 93. Kd3 Bg7 94. Nd6 g3 95. Nf5 Bf6 96. Ke2 f3+ 97. Kxe3 Bg5+ 98. Ke4 f2 99. Kd4 0-1

[Event "European Rapid Championship 2021"]
[Site "Katowice"]
[Date "2021.12.18"]
[Round "4.12"]
[White "Wisniewski, Michal"]
[Black "Dylag, Emilia"]
[Result "1-0"]
[ECO "A05"]
[WhiteElo "2248"]
[BlackElo "1776"]
[Annotator "ChessBase"]
[PlyCount "209"]
[EventDate "2021.12.18"]
[EventType "swiss"]
[EventCountry "POL"]
[SourceTitle "playchess.com"]
[Source "ChessBase"]
[SourceQuality "1"]
[TimeControl "900+10"]

1. Nf3 Nf6 2. c4 e6 3. g3 Be7 4. Bg2 O-O 5. O-O d5 6. b3 c5 7. Bb2 Nc6 8. e3 b6 9. Nc3 dxc4 10. bxc4 Bb7 11. Qe2 Rc8 12. Rfd1 Rc7 13. Rac1 Rd7 14. Na4 Qa8 15. d4 cxd4 16. exd4 Rfd8 17. c5 Nd5 18. Nd2 Bf6 19. Ne4 Be7 20. h4 Ncb4 21. a3 Ba6 22. Qf3 Nc6 23.
Qb3 Na5 24. Qf3 b5 25. Nac3 Nc4 26. Ba1 Qb8 27. Nxd5 exd5 28. Nc3 Bf8 29. Ne2 Bb7 30. Nf4 Bc6 31. Rb1 a5 32. Rb3 Re8 33. Qg4 Qb7 34. Nd3 g6 35. h5 Bg7 36. Nb2 Nxb2 37. Bxb2 Rde7 38. hxg6 hxg6 39. Bc3 Qc7 40. Rb2 Rb8 41. Qg5 Rd8 42. Bxa5 Qxa5 43. Qxe7 Re8 44. Qd6 Qa4 45. Rbb1 Re6 46. Qd8+ Kh7 47. Bxd5 Bf6 48. Bxe6 Bxd8 49. d5 Be8 50. Bh3 Qxa3 51. c6 Qd6 52. Bg4 b4 53. Kg2 Bb6 54. Rb2 f5 55.
Bf3 Bf7 56. Rd3 Bd8 57. Ra2 Bb6 58. Ra6 Bc7 59. Ra7 Kh6 60.
Rb7 b3 61. Rbxb3 g5 62. Kg1 g4 63. Bg2 f4 64. gxf4 Qxf4 65.
Rb7 Qc1+ 66. Bf1 Bg6 67. Re3 Bf4 68. Re6 g3 69. Rf7 gxf2+ 70.
Kg2 Qc5 71. Rff6 Qxd5+ 72. Kxf2 Qc5+ 73. Kf3 Qd5+ 74. Kxf4 Qg5+ 75. Kf3 Qd5+ 76. Kf2 Qc5+ 77. Kg2 Qg5+ 78. Kh2 Qh4+ 79. Bh3 Kh7 80. Rxg6 Qf2+ 81. Bg2 Qh4+ 82. Kg1 Qd4+ 83. Kf1 Qf4+ 84. Ke2 Qc4+ 85. Ke3 Qc3+ 86. Kf4 Qd2+ 87. Kg3 Qd3+ 88. Bf3 Qc3 89. Rh6+ Kg7 90. Reg6+ Kf7 91. Rf6+ Kg7 92. Re6 Kf7 93. Rhf6+ Kg7 94. Rf4 Qc5 95. Rff6 Qg1+ 96. Kf4 Qd4+ 97. Be4 Qf2+ 98. Ke5 Qc5+ 99. Bd5 Qe3+ 100. Kd6 Qb6 101. Kd7 Qc5 102. Rd6 Qb5 103. Rf7+ Kg8 104. Re7+ Kf8 105. Rf6# 1-0

[Event "European Rapid Championship 2021"]
[Site "Katowice"]
[Date "2021.12.18"]
[Round "4.12"]
[White "Paszewski, Mateusz"]
[Black "Sumets, Andrey"]
[Result "0-1"]
[ECO "D10"]
[WhiteElo "2202"]
[BlackElo "2508"]
[Annotator "ChessBase"]
[PlyCount "140"]
[EventDate "2021.12.18"]
[EventType "swiss"]
[EventCountry "POL"]
[SourceTitle "playchess.com"]
[Source "ChessBase"]
[SourceQuality "1"]
[TimeControl "900+10"]

1. c4 c6 2. d4 d5 3. cxd5 cxd5 4. Bf4 Nc6 5. e3 Nf6 6. Nc3 Bf5 7. Qb3 Na5 8. Qa4+ Bd7 9. Qc2 e6 10. Bd3 Nc6 11. Qe2 Bb4 12. Nf3 Nh5 13.
Bg5 Qa5 14. O-O h6 15. Bh4 g5 16. Nd2 Bxc3 17. Nb3 Nf4 18. exf4 Nxd4 19. Nxd4 Bxd4 20. fxg5 hxg5 21. Bxg5 Qc7 22. g3 Qe5 23. Qd2 Bxb2 24. Rae1 Qd4 25. Rb1 Bc3 26. Qe2 Bc6 27. Bb5 Qe5 28. Bxc6+ bxc6 29. Qa6 O-O 30. Bf4 Qe4 31. Qxc6 Rac8 32. Qb7 Bd4 33. Bh6 Rfe8 34. Rbc1 Rxc1 35. Bxc1 e5 36. Bb2 Bb6 37. Qd7 Re6 38. Qc8+ Kg7 39. Ba3 Qf3 40. Qc1 Rg6 41. Bc5 d4 42. Bxb6 axb6 43. Re1 e4 44. Qb2 Rd6 45. Qb4 Rd5 46. Qc4 Qf5 47. Rd1 b5 48. Qb4 d3 49. Qd2 Qf3 50.
Re1 Rc5 51. Qb2+ Qf6 52. Qd2 Rc2 53. Qe3 Rc4 54. f3 exf3 55.
Rf1 Qd4 56. Qxd4+ Rxd4 57. Kf2 d2 58. Rd1 Rd3 59. g4 f5 60.
gxf5 Kf6 61. Kg3 Kxf5 62. h3 Ke4 63. Kf2 Kf4 64. h4 Kg4 65.
Rg1+ Kxh4 66. Rd1 Kg4 67. a4 bxa4 68. Rg1+ Kf4 69. Rg8 d1=N+ 70. Ke1 Nc3 0-1

[Event "European Rapid Championship 2021"]
[Site "Katowice"]
[Date "2021.12.18"]
[Round "4.13"]
[White "Janik, Igor"]
[Black "Mikhaletz, Lubomir"]
[Result "1-0"]
[ECO "B40"]
[WhiteElo "2462"]
[BlackElo "2166"]
[Annotator "ChessBase"]
[PlyCount "99"]
[EventDate "2021.12.18"]
[EventType "swiss"]
[EventCountry "POL"]
[SourceTitle "playchess.com"]
[Source "ChessBase"]
[SourceQuality "1"]
[TimeControl "900+10"]

1. e4 c5 2. Nf3 e6 3. g3 Nc6 4. Bg2 Nf6 5. Qe2 e5 6. O-O d6 7. c3 g6 8. d4 cxd4 9. cxd4 Bg4 10. d5 Nd4 11.
Qd3 Bxf3 12. Bxf3 Nxf3+ 13. Qxf3 Bg7 14. Nc3 O-O 15. Bg5 h6 16. Be3 a6 17. Qe2 Nd7 18. f3 Kh7 19. Rac1 Rc8 20. Qd3 h5 21. Ne2 Qa5 22. a3 Bh6 23. f4 f5 24. Rxc8 Rxc8 25. exf5 Qb5 26. fxg6+ Kg7 27. Qxb5 axb5 28. Nc3 Nf6 29. Bc1 b4 30. fxe5 Ng4 31. Bxh6+ Kxh6 32. axb4 Nxe5 33. Ne4 Kxg6 34. Nxd6 Rc2 35. Rf2 Rc1+ 36. Kg2 Rd1 37. Nxb7 Rxd5 38. Nc5 Rd4 39. Re2 Kf5 40. b5 Rc4 41. b4 Ng4 42. h3 Nf6 43. Rf2+ Kg6 44. Rf4 Rc2+ 45. Kf3 Rc3+ 46. Kf2 Rc2+ 47. Ke1 Nd5 48. Rd4 Ne3 49. Re4 Nd5 50. b6 1-0

[Event "European Rapid Championship 2021"]
[Site "Katowice"]
[Date "2021.12.18"]
[Round "4.13"]
[White "Zapalowska, Wiktoria"]
[Black "Zakrzewski, Marek"]
[Result "1/2-1/2"]
[ECO "B49"]
[WhiteElo "1288"]
[BlackElo "2239"]
[Annotator "NA"]
[PlyCount "98"]
[EventDate "2021.12.18"]
[EventType "swiss"]
[EventCountry "POL"]
[SourceTitle "playchess.com"]
[Source "ChessBase"]
[SourceQuality "1"]
[TimeControl "900+10"]

1. e4 c5 2. Nf3 e6 3. d4 cxd4 4. Nxd4 Nc6 5. Nc3 Qc7 6. Be3 a6 7. Be2 Nf6 8. f3 b5 9. a3 Bb7 10. O-O Bc5 11. Bf2 Qb6 12. Nxc6 Bxf2+ 13. Rxf2 dxc6 14. Qe1 O-O 15. Kh1 e5 16. Rd1 Rad8 17. Bd3 Rd6 18.
Rfd2 Rfd8 19. Bf1 c5 20. Qe3 Qc7 21. Rxd6 Rxd6 22. Rxd6 Qxd6 23. Qd3 Qd4 24. Qxd4 exd4 25. Ne2 Kf8 26. b4 Nd7 27. bxc5 Nxc5 28. Nxd4 Ke7 29. Kg1 Kd6 30. Kf2 Na4 31. c4 bxc4 32. Bxc4 Kc5 33. Bb3 Kxd4 34. Bxa4 Kc3 35. Be8 f6 36. Ke3 a5 37. g3 g5 38. f4 gxf4+ 39. gxf4 Kb3 40. a4 Kc4 41. e5 fxe5 42. fxe5 Kd5 43. Kf4 Ke6 44. Bb5 Bd5 45. Be8 Bb3 46. Ke4 Bc2+ 47. Kd4 Bb3 48.
Ke4 Bc2+ 49. Kd4 Bb3 1/2-1/2

[Event "European Rapid Championship 2021"]
[Site "Katowice"]
[Date "2021.12.18"]
[Round "4.14"]
[White "Godzwon, Iwo"]
[Black "Warchol, Kamil"]
[Result "1-0"]
[ECO "B41"]
[WhiteElo "2352"]
[BlackElo "1976"]
[Annotator "NA"]
[PlyCount "67"]
[EventDate "2021.12.18"]
[EventType "swiss"]
[EventCountry "POL"]
[SourceTitle "playchess.com"]
[Source "ChessBase"]
[SourceQuality "1"]
[TimeControl "900+10"]

1. e4 c5 2. Nf3 e6 3. d4 cxd4 4. Nxd4 a6 5. c4 Nf6 6. Nc3 Bb4 7. Nc2 Bxc3+ 8. bxc3 Nc6 9. Bd3 d5 10. cxd5 exd5 11. exd5 Qxd5 12. O-O O-O 13. Ne3 Qa5 14. Bb2 Rd8 15. Qb1 Ne5 16. Be2 Rd2 17. Re1 Be6 18. c4 Rd7 19. Bf1 Neg4 20. h3 Nxe3 21. Rxe3 Ne8 22. Qe4 Qf5 23. Qh4 Rc8 24. Rc1 Rd2 25. Bc3 Rxa2 26. Bd3 Qc5 27. Qxh7+ Kf8 28. Rb1 Nd6 29. Bb4 Qd4 30. Bxd6+ Qxd6 31. Qh8+ Ke7 32. Qxc8 Qf4 33. Qxb7+ Kf8 34. Qb8+ 1-0